Map: Prion Terraces

Players

ShoWTimE

  • Race: Protoss Protoss
  • League: Master

Nerchio - Winner!

  • Race: Zerg Zerg
  • League: Grandmaster

Event: Homestory Cup XII

VOD

Have the link to the VOD?

Description

Time

  • Played on: Dec. 19, 2015, 8:49 a.m.
  • Length: 12:19

All games in this series

Show
View Real Time Build Order
Export as new Build Order

ShoWTimE Protoss 

Build Orders: Nexus First 

Get SALT Encoding   

  12  0:00  Probe (Chrono Boost)  
  13  0:11  Probe (Chrono Boost)  
  14  0:18  Pylon  
  14  0:22  Probe (Chrono Boost)  
  15  0:36  Probe (Chrono Boost)  
  16  0:46  Probe (Chrono Boost)  
  17  0:59  Nexus  
  17  1:10  Gateway  
  17  1:13  Probe (Chrono Boost)  
  18  1:21  Assimilator  
  18  1:23  Probe (Chrono Boost)  
  19  1:29  Assimilator  
  19  1:34  Probe (Chrono Boost)  
  20  1:40  Gateway  
  20  1:44  Probe (Chrono Boost)  
  21  1:55  Probe (Chrono Boost)  
  21  1:57  Cybernetics Core  
  22  2:05  Probe (Chrono Boost)  
  23  2:11  Probe (Chrono Boost)  
  24  2:16  Probe (Chrono Boost)  
  24  2:22  Probe (Chrono Boost)  
  26  2:27  Probe (Chrono Boost)  
  27  2:32  Probe (Chrono Boost)  
  27  2:34  Adept x2 (Chrono Boost)  
  27  2:35  Warp Gate  
  32  2:38  Probe  
  33  2:44  Probe  
  33  2:48  Twilight Council  
  33  2:50  Probe  
  35  2:55  Pylon  
  35  2:57  Probe  
  36  3:02  Adept (Chrono Boost)  
  36  3:05  Probe  
  38  3:13  Probe (Chrono Boost)  
  38  3:17  Probe (Chrono Boost)  
  38  3:19  Resonating Glaives (Chrono Boost)  
  40  3:21  Robotics Facility  
  41  3:27  Probe (Chrono Boost)  
  41  3:29  Probe (Chrono Boost)  
  42  3:35  Pylon  
  42  3:39  Probe x2 (Chrono Boost)  
  44  3:50  Probe (Chrono Boost)  
  45  3:56  Gateway  
  45  3:58  Gateway  
  45  4:01  Mothership Core, Gateway  
  43  4:08  Gateway  
  43  4:09  Gateway  
  45  4:14  Gateway  
  45  4:20  Warp Prism (Chrono Boost)  
  47  4:26  Pylon  
  47  4:29  Assimilator  
  47  4:38  Adept  
  47  4:39  Adept  
  51  4:46  Pylon  
  51  4:48  Pylon  
  51  4:57  Adept x2  
  51  4:58  Adept  
  57  5:00  Adept  
  57  5:01  Adept  
  61  5:12  Pylon x2  
  61  5:20  Adept x3  
  67  5:23  Adept x3  
  67  5:24  Adept  
  67  5:28  Adept  
  77  5:35  Pylon  
  77  5:40  Immortal (Chrono Boost)  
  77  5:42  Probe  
  82  5:43  Probe  
  83  6:02  Blink  
  71  6:13  Probe  
  71  6:14  Probe, Immortal (Chrono Boost)  
  71  6:16  Assimilator  
  71  6:26  Probe  
  71  6:27  Sentry x2, Stalker  
  74  6:33  Probe  
  74  6:38  Probe  
  76  6:51  Immortal (Chrono Boost)  
  76  6:53  Sentry, Stalker  
  84  6:55  Nexus  
  84  6:57  Pylon  
  84  6:59  Pylon  
  84  7:00  Pylon  
  84  7:12  Stalker x2  
  84  7:13  Stalker x2  
  92  7:15  Pylon  
  92  7:27  Stalker x3  
  98  7:33  Adept  
  98  7:36  Pylon  
  98  7:43  Pylon  
  98  7:45  Pylon  
  98  7:48  Stalker x2  
  98  7:54  Adept x2  
  102  7:59  Adept x2  
  102  8:01  Observer (Chrono Boost)  
  107  8:07  Sentry  
  107  8:08  Adept  
  111  8:13  Stalker  
  113  8:29  Stalker  
  113  8:30  Stalker x3  
  121  8:41  Stalker x2  
  125  8:43  Adept x2  
  125  8:45  Probe  
  125  8:47  Probe x2  
  132  8:49  Assimilator  
  132  8:53  Assimilator  
  132  8:56  Probe  
  132  8:58  Pylon  
  132  8:59  Probe  
  132  9:00  Pylon  
  132  9:02  Robotics Bay  
  134  9:14  Probe, Zealot  
  134  9:15  Zealot x3  
  137  9:34  Stalker x4  
  108  9:50  Disruptor (Chrono Boost)  
  108  10:09  Robotics Facility  
  108  10:15  Pylon  
  108  10:16  Pylon  
  108  10:17  Pylon  
  108  10:19  Pylon  
  108  10:33  Disruptor (Chrono Boost)  
  111  10:37  Stalker  
  111  10:38  Stalker x7  
  111  10:41  Pylon  
  111  10:42  Pylon  
  127  11:04  Disruptor (Chrono Boost)  
  125  11:11  Disruptor (Chrono Boost)  
  124  11:23  Stalker x5  
  124  11:24  Stalker x2  
  119  11:42  Disruptor (Chrono Boost)  
  120  11:50  Adept  
  120  11:51  Adept  
  120  11:52  Adept x3  
Show
View Real Time Build Order
Export as new Build Order

Nerchio Zerg - Winner!

Build Orders: Hatch First 

Get SALT Encoding   

  12  0:00  Drone  
  13  0:12  Overlord  
  13  0:17  Drone  
  14  0:30  Drone x2  
  14  0:34  Drone  
  17  0:53  Drone  
  18  0:57  Hatchery  
  18  0:59  Drone  
  18  1:12  Spawning Pool  
  18  1:15  Drone  
  18  1:22  Drone  
  19  1:38  Hatchery  
  18  1:41  Drone  
  19  1:58  Queen  
  19  1:59  Zergling x2  
  22  2:10  Queen  
  22  2:11  Drone  
  22  2:12  Drone x2  
  27  2:17  Overlord  
  27  2:24  Drone  
  28  2:34  Extractor  
  27  2:37  Drone x3  
  27  2:41  Queen  
  32  2:45  Zergling x2  
  32  2:48  Zergling x2  
  34  2:52  Drone  
  34  2:53  Drone  
  34  2:57  Drone  
  37  3:04  Zergling x2  
  37  3:05  Zergling x2  
  39  3:08  Overlord  
  39  3:10  Drone x2  
  39  3:12  Drone  
  42  3:23  Roach Warren  
  42  3:24  Extractor  
  42  3:26  Drone x4  
  44  3:29  Drone  
  46  3:34  Drone x3  
  46  3:35  Drone  
  46  3:37  Drone  
  49  3:46  Drone  
  49  3:48  Drone  
  50  3:52  Drone  
  50  3:53  Drone  
  50  3:55  Overlord  
  50  3:58  Metabolic Boost  
  50  4:01  Overlord  
  50  4:10  Spore Crawler  
  50  4:14  Overlord  
  50  4:15  Drone x8  
  57  4:19  Spore Crawler  
  56  4:26  Spore Crawler  
  56  4:29  Overlord x2  
  55  4:32  Roach  
  55  4:33  Roach x2  
  55  4:36  Roach x2  
  65  4:40  Roach x2  
  65  4:42  Roach  
  65  4:44  Overlord  
  71  4:50  Roach x2  
  75  4:56  Roach  
  75  4:57  Roach  
  79  5:04  Roach x2  
  85  5:07  Roach  
  85  5:14  Roach  
  85  5:18  Roach  
  85  5:19  Overlord  
  89  5:23  Roach  
  89  5:26  Roach, Extractor  
  89  5:28  Spine Crawler  
  91  5:30  Zergling x14  
  91  5:33  Overlord x2  
  98  5:36  Hatchery  
  98  5:37  Overlord  
  97  5:48  Roach x4  
  105  5:53  Drone x4  
  108  6:00  Roach x3  
  108  6:02  Drone  
  108  6:03  Drone  
  113  6:05  Roach  
  113  6:06  Zergling x6  
  113  6:08  Zergling x2  
  115  6:14  Zergling x2  
  115  6:18  Zergling x4  
  117  6:25  Roach  
  117  6:30  Drone x2  
  117  6:32  Lair  
  119  6:33  Drone  
  119  6:34  Extractor  
  119  6:35  Drone  
  119  6:36  Drone  
  119  6:37  Drone x3  
  119  6:38  Extractor  
  122  6:42  Drone  
  122  6:43  Drone x2  
  122  6:46  Drone  
  126  6:48  Drone  
  126  6:49  Drone  
  126  6:53  Drone x3, Extractor  
  126  6:54  Drone  
  131  6:56  Drone, Queen  
  131  6:59  Drone  
  135  7:03  Overlord x2  
  133  7:14  Drone  
  133  7:15  Drone, Overlord  
  135  7:20  Overlord x2  
  133  7:25  Drone x2  
  133  7:27  Drone x3  
  133  7:28  Drone  
  139  7:30  Evolution Chamber  
  139  7:31  Evolution Chamber, Glial Reconstitution  
  139  7:36  Queen  
  137  7:37  Roach  
  137  7:38  Roach x2  
  143  7:49  Drone x2  
  145  7:52  Roach  
  145  7:53  Roach x5  
  145  7:57  Hydralisk Den  
  156  7:58  Zerg Ground Armor Level 1  
  156  7:59  Zerg Melee Weapons Level 1  
  156  8:03  Ravager x2  
  156  8:04  Ravager x4  
  163  8:05  Drone x2  
  163  8:08  Overseer  
  163  8:10  Drone x2  
  166  8:13  Overlord x2  
  166  8:16  Overlord  
  166  8:17  Overlord  
  166  8:19  Pneumatized Carapace  
  166  8:21  Zergling x4  
  166  8:26  Overlord x2  
  168  8:29  Overlord  
  168  8:36  Ravager x5  
  168  8:37  Zergling x14  
  168  8:38  Zergling x2  
  168  8:39  Zergling x2  
  168  8:40  Zergling x2  
  168  8:41  Zergling x4  
  184  8:43  Zergling x4  
  184  8:46  Zergling x2  
  184  8:47  Zergling x4  
  189  8:49  Ravager x3  
  189  8:50  Zergling x4  
  189  8:53  Zergling x6  
  189  8:54  Zergling x2  
  198  8:58  Zergling x4  
  200  9:04  Extractor  
  200  9:06  Extractor  
  197  9:15  Spine Crawler  
  197  9:16  Spine Crawler  
  195  9:22  Roach x5  
  197  9:26  Roach x5  
  197  9:27  Roach x2  
  197  9:29  Roach  
  197  9:30  Roach x4  
  197  9:32  Roach  
  197  9:34  Roach  
  197  9:37  Roach  
  187  9:38  Roach  
  187  9:39  Roach  
  187  9:43  Lurker Den  
  187  9:53  Drone x7  
  194  10:01  Infestation Pit  
  194  10:06  Ravager x2  
  195  10:16  Hatchery  
  194  10:54  Pathogen Glands, Infestor x3  
  194  10:55  Hatchery  
  177  11:10  Zergling x22  
  186  11:12  Zergling x18  
  186  11:13  Zergling x4  
  194  11:22  Drone  
  194  11:23  Drone  
  194  11:24  Drone x2  
  194  11:28  Hatchery  
  177  11:35  Hydralisk, Roach  
  177  11:36  Hydralisk x4, Roach x3  
  169  11:40  Hydralisk  
  169  11:41  Hydralisk  
  169  11:44  Hydralisk x2  
  169  11:45  Hydralisk  
  161  11:50  Ravager x5  
  161  11:53  Zergling x4  
  169  11:57  Zergling x10  
  169  11:58  Zergling x4  
  169  11:59  Zergling x4  
Tags
 
Add a new tag
Caveats
  • Supply blocks, unpowered buildings, or Contaminate may cause inaccurate times.
  • Supply counts are checked every 10 seconds.